[ AOE2 MATCH · #505314070 ]
UnrankedVietnamese vs Bulgarians
Player's team · WIN
[ REPLAY ANALYSIS · EXTRACTED FROM THE RECORDED GAME ]
Feudal
18:00
Castle
21:47
Imperial
—
| APM avg | 48.3 |
| APM peak | 101 |
| eAPM avg | 17.4 |
| Villagers / military | 48 / 75 |
Focus
⚔️ 38.7% · 🌾 61.3%
Fire Lancer ×62 · Militia ×7 · Battering Ram ×6
Feudal
13:57
Castle
24:37
Imperial
—
| APM avg | 34.6 |
| APM peak | 58 |
| eAPM avg | 14.6 |
| Villagers / military | 54 / 19 |
Focus
⚔️ 25.0% · 🌾 75.0%
Cavalry Archer ×10 · Scout Cavalry ×7 · Militia ×1 · Mangonel ×1
Match map
Initial resources + every placement click. Lines = walls · curves = elevation contours. ◆ gold · ⬟ stone · ● berries · ✦ relic · ◌ wall gap
Your base· Open — opponent sealed themselves in
jenicek&marenka's base· ✓ Closed at 24:37 · 33t walls · no gate
Smoothed initial terrain · ◌ = detected wall gap · hover for details
Inputs per minute
— kim.henrik.himanen123 - - jenicek&marenka
Build order — kim.henrik.himanen123
146 actions detected in the replay
| 0:01 | Queue | Villager (Male) ×4 |
| 0:01 | Build | House |
| 0:02 | Build | House |
| 0:27 | Research | Loom |
| 0:28 | Queue | Villager (Male) ×2 |
| 1:13 | Build | House |
| 1:17 | Build | House |
| 1:41 | Queue | Villager (Male) |
| 1:41 | Queue | Villager (Male) |
| 2:10 | Build | Palisade Gate |
| 2:26 | Queue | Villager (Male) |
| 2:49 | Queue | Villager (Male) |
| 3:39 | Queue | Villager (Male) ×2 |
| 3:41 | Build | House |
| 3:45 | Build | Lumber Camp |
| 4:07 | Queue | Villager (Male) |
| 4:26 | Build | Palisade Wall |
| 4:29 | Build | Palisade Wall |
| 4:40 | Queue | Villager (Male) |
| 5:06 | Queue | Villager (Male) |
| 5:08 | Build | Palisade Wall |
| 5:09 | Build | Palisade Wall |
| 5:10 | Build | Palisade Wall |
| 5:11 | Build | Palisade Wall |
| 5:21 | Queue | Villager (Male) |
| 6:39 | Queue | Villager (Male) |
| 6:43 | Queue | Villager (Male) ×3 |
| 7:01 | Queue | Villager (Male) |
| 7:29 | Queue | Villager (Male) |
| 8:05 | Build | House |
| 8:17 | Queue | Villager (Male) ×2 |
| 9:23 | Queue | Villager (Male) ×3 |
| 9:33 | Queue | Villager (Male) ×2 |
| 9:37 | Build | Palisade Gate |
| 9:50 | Build | Palisade Wall |
| 9:51 | Build | Palisade Wall |
| 10:36 | Queue | Villager (Male) ×2 |
| 10:40 | Build | Mill |
| 10:44 | Queue | Villager (Male) |
| 11:11 | Build | Palisade Wall |
| 11:12 | Build | Palisade Wall |
| 11:13 | Queue | Villager (Male) |
| 11:20 | Build | Barracks |
| 11:35 | Build | Palisade Wall |
| 11:43 | Queue | Villager (Male) |
| 12:00 | Queue | Villager (Male) |
| 12:10 | Queue | Villager (Male) |
| 12:18 | Build | Mining Camp |
| 12:37 | Build | House |
| 12:39 | Queue | Villager (Male) |
| 12:43 | Queue | Militia |
| 12:44 | Queue | Militia |
| 13:17 | Queue | Militia |
| 13:22 | Build | Mill |
| 13:36 | Queue | Militia |
| 13:46 | Build | House |
| 14:39 | Queue | Militia |
| 14:39 | Queue | Militia |
| 15:14 | Queue | Militia |
| 15:21 | Queue | Villager (Male) ×5 |
| 15:23 | Build | Farm |
| 15:23 | Build | Farm |
| 15:23 | Build | Farm |
| 15:23 | Build | Farm |
| 15:23 | Build | Farm |
| 15:24 | Build | Farm |
| 15:50 | Research | Feudal Age |
| 15:53 | Build | Farm |
| 15:53 | Build | Farm |
| 15:53 | Build | Farm |
| 15:53 | Build | Farm |
| 15:53 | Build | Farm |
| 16:18 | Build | Palisade Wall |
| 16:20 | Build | Palisade Wall |
| 16:29 | Build | Palisade Wall |
| 16:31 | Build | Palisade Wall |
| 16:35 | Build | Palisade Wall |
| 16:39 | Build | Palisade Wall |
| 16:42 | Build | Palisade Wall |
| 16:44 | Build | Palisade Wall |
| 16:46 | Build | Palisade Wall |
| 16:47 | Build | Palisade Wall |
| 16:50 | Build | Palisade Wall |
| 16:54 | Build | Palisade Wall |
| 16:58 | Build | Farm |
| 18:00 | Age | Feudal Age |
| 18:02 | Build | Market |
| 18:03 | Build | Blacksmith |
| 18:33 | Build | Palisade Wall |
| 18:36 | Build | Palisade Wall |
| 18:39 | Build | Palisade Wall |
| 18:41 | Build | Palisade Wall |
| 18:48 | Build | Lumber Camp |
| 19:07 | Research | Castle Age |
| 20:05 | Build | House |
| 20:18 | Build | Barracks |
| 20:34 | Research | Double-Bit Axe |
| 20:59 | Build | Barracks |
| 21:26 | Research | Scale Mail Armor |
| 21:31 | Build | Barracks |
| 21:45 | Queue | Villager (Male) |
| 21:45 | Queue | Villager (Male) |
| 21:47 | Age | Castle Age |
| 21:52 | Queue | Fire Lancer |
| 22:04 | Build | Siege Workshop |
| 22:06 | Queue | Fire Lancer |
| 22:06 | Queue | Fire Lancer |
| 22:51 | Queue | Battering Ram |
| 22:53 | Queue | Fire Lancer ×2 |
| 22:53 | Queue | Fire Lancer ×2 |
| 23:07 | Queue | Fire Lancer |
| 23:07 | Queue | Fire Lancer |
| 23:27 | Queue | Fire Lancer ×2 |
| 23:37 | Queue | Villager (Male) ×3 |
| 23:53 | Queue | Fire Lancer ×3 |
| 23:53 | Queue | Fire Lancer ×3 |
| 23:56 | Build | House |
| 24:10 | Queue | Fire Lancer |
| 24:16 | Build | House |
| 24:23 | Queue | Fire Lancer |
| 24:23 | Queue | Fire Lancer |
| 24:58 | Queue | Fire Lancer ×3 |
| 25:11 | Build | House |
| 25:13 | Build | Palisade Wall |
| 25:19 | Build | Palisade Wall |
| 25:34 | Queue | Fire Lancer ×3 |
| 25:34 | Queue | Fire Lancer ×3 |
| 25:56 | Build | House |
| 26:03 | Queue | Villager (Male) |
| 26:21 | Queue | Fire Lancer ×5 |
| 26:22 | Queue | Fire Lancer ×5 |
| 27:20 | Queue | Fire Lancer ×4 |
| 27:43 | Queue | Battering Ram |
| 27:59 | Build | House |
| 28:17 | Queue | Battering Ram |
| 28:26 | Research | Chain Mail Armor |
| 28:46 | Queue | Battering Ram |
| 29:27 | Queue | Battering Ram |
| 29:29 | Queue | Fire Lancer ×2 |
| 29:29 | Queue | Fire Lancer ×2 |
| 29:49 | Queue | Fire Lancer ×3 |
| 30:11 | Queue | Fire Lancer ×2 |
| 30:11 | Queue | Fire Lancer ×2 |
| 30:28 | Queue | Battering Ram |
| 31:06 | Queue | Fire Lancer ×4 |
| 31:06 | Queue | Fire Lancer ×4 |
Build order — jenicek&marenka
147 actions detected in the replay
| 0:01 | Queue | Villager (Male) |
| 0:01 | Queue | Villager (Male) |
| 0:01 | Queue | Villager (Male) |
| 0:02 | Queue | Villager (Male) |
| 0:03 | Build | House |
| 0:04 | Build | House |
| 1:30 | Queue | Villager (Male) |
| 2:02 | Queue | Villager (Male) |
| 2:30 | Queue | Villager (Male) |
| 2:55 | Queue | Villager (Male) |
| 3:20 | Queue | Villager (Male) |
| 3:46 | Queue | Villager (Male) |
| 3:56 | Queue | Villager (Male) |
| 4:07 | Build | House |
| 4:33 | Queue | Villager (Male) |
| 4:59 | Queue | Villager (Male) |
| 5:18 | Build | House |
| 5:25 | Queue | Villager (Male) |
| 5:45 | Research | Loom |
| 5:51 | Queue | Villager (Male) |
| 6:20 | Queue | Villager (Male) |
| 6:45 | Queue | Villager (Male) |
| 6:52 | Build | Mill |
| 7:08 | Queue | Villager (Male) |
| 7:15 | Build | Lumber Camp |
| 7:51 | Queue | Villager (Male) |
| 7:55 | Build | Farm |
| 7:57 | Build | Farm |
| 8:20 | Queue | Villager (Male) |
| 8:35 | Build | House |
| 8:36 | Build | House |
| 8:47 | Queue | Villager (Male) |
| 9:14 | Queue | Villager (Male) |
| 9:38 | Queue | Villager (Male) |
| 10:17 | Queue | Villager (Male) |
| 10:34 | Build | Farm |
| 10:35 | Build | Farm |
| 10:39 | Build | Farm |
| 11:03 | Queue | Villager (Male) |
| 11:21 | Build | Farm |
| 11:47 | Research | Feudal Age |
| 12:25 | Build | Farm |
| 12:26 | Build | Farm |
| 12:44 | Build | Barracks |
| 13:19 | Build | Farm |
| 13:39 | Build | Farm |
| 13:55 | Queue | Villager (Male) |
| 13:57 | Age | Feudal Age |
| 14:01 | Build | Stable |
| 14:15 | Build | Palisade Wall |
| 14:23 | Queue | Villager (Male) |
| 14:29 | Queue | Militia |
| 14:45 | Queue | Villager (Male) |
| 15:00 | Queue | Villager (Male) |
| 15:05 | Build | Palisade Wall |
| 15:10 | Queue | Villager (Male) |
| 15:13 | Build | Farm |
| 15:15 | Build | Farm |
| 15:16 | Build | Farm |
| 15:19 | Queue | Scout Cavalry |
| 15:34 | Build | House |
| 15:36 | Build | Palisade Wall |
| 15:40 | Queue | Villager (Male) |
| 15:45 | Build | Palisade Wall |
| 15:53 | Queue | Scout Cavalry |
| 16:05 | Queue | Villager (Male) |
| 16:07 | Queue | Scout Cavalry |
| 16:19 | Build | Blacksmith |
| 16:23 | Queue | Villager (Male) |
| 16:35 | Queue | Scout Cavalry |
| 16:37 | Build | Farm |
| 16:59 | Build | Farm |
| 17:15 | Build | Farm |
| 17:18 | Build | Farm |
| 17:19 | Build | Farm |
| 17:21 | Queue | Villager (Male) |
| 17:24 | Queue | Scout Cavalry |
| 17:45 | Queue | Villager (Male) |
| 17:47 | Research | Forging |
| 17:55 | Build | House |
| 17:57 | Build | House |
| 18:08 | Build | Palisade Wall |
| 18:26 | Queue | Villager (Male) |
| 18:28 | Queue | Scout Cavalry |
| 18:43 | Build | Palisade Wall |
| 18:50 | Queue | Villager (Male) |
| 18:52 | Queue | Scout Cavalry |
| 18:59 | Build | House |
| 19:01 | Build | Mining Camp |
| 19:08 | Research | Scale Barding Armor |
| 19:19 | Queue | Villager (Male) |
| 19:48 | Queue | Villager (Male) |
| 20:15 | Queue | Villager (Male) |
| 20:42 | Queue | Villager (Male) |
| 21:03 | Build | House |
| 21:07 | Queue | Villager (Male) |
| 21:32 | Build | Lumber Camp |
| 21:57 | Research | Castle Age |
| 22:09 | Build | Archery Range |
| 22:11 | Build | Archery Range |
| 22:18 | Build | Stone Wall |
| 22:20 | Build | Stone Wall |
| 22:50 | Research | Bloodlines |
| 23:09 | Research | Gold Mining |
| 23:16 | Build | Archery Range |
| 23:18 | Research | Fletching |
| 23:46 | Research | Town Watch |
| 24:37 | Age | Castle Age |
| 24:40 | Queue | Cavalry Archer |
| 24:40 | Queue | Cavalry Archer |
| 24:40 | Queue | Cavalry Archer |
| 24:41 | Research | Bodkin Arrow |
| 25:26 | Queue | Villager (Male) |
| 25:33 | Build | Mining Camp |
| 25:54 | Queue | Villager (Male) |
| 25:57 | Research | Wheelbarrow |
| 26:09 | Queue | Cavalry Archer |
| 26:46 | Queue | Villager (Male) |
| 27:12 | Queue | Villager (Male) |
| 27:21 | Queue | Villager (Male) |
| 27:36 | Queue | Villager (Male) |
| 27:39 | Build | House |
| 27:52 | Research | Thumb Ring |
| 28:15 | Build | House |
| 28:25 | Build | Farm |
| 28:52 | Build | Stone Wall |
| 28:56 | Queue | Cavalry Archer |
| 28:56 | Queue | Cavalry Archer |
| 28:57 | Queue | Villager (Male) |
| 29:01 | Build | Stone Wall |
| 29:05 | Build | Stone Wall |
| 29:09 | Queue | Cavalry Archer |
| 29:11 | Queue | Villager (Male) |
| 29:15 | Build | Stone Wall |
| 29:16 | Build | Stone Wall |
| 29:27 | Build | Stone Wall |
| 29:28 | Queue | Villager (Male) |
| 29:43 | Queue | Cavalry Archer |
| 29:43 | Queue | Cavalry Archer |
| 29:56 | Queue | Cavalry Archer |
| 30:01 | Queue | Villager (Male) |
| 30:01 | Queue | Villager (Male) |
| 30:09 | Queue | Villager (Male) |
| 30:13 | Build | Siege Workshop |
| 30:23 | Build | Stone Wall |
| 30:24 | Build | Stone Wall |
| 30:39 | Queue | Mangonel |
Match timeline
| 4:26 | kim.henrik.himanen123 · wall_segment Palisade Wall x6 |
| 4:29 | kim.henrik.himanen123 · wall_segment Palisade Wall x4 |
| 5:08 | kim.henrik.himanen123 · wall_segment Palisade Wall x1 |
| 5:09 | kim.henrik.himanen123 · wall_segment Palisade Wall x1 |
| 5:10 | kim.henrik.himanen123 · wall_segment Palisade Wall x1 |
| 5:11 | kim.henrik.himanen123 · wall_segment Palisade Wall x1 |
| 9:50 | kim.henrik.himanen123 · wall_segment Palisade Wall x1 |
| 9:51 | kim.henrik.himanen123 · wall_segment Palisade Wall x1 |
| 11:11 | kim.henrik.himanen123 · wall_segment Palisade Wall x1 |
| 11:12 | kim.henrik.himanen123 · wall_segment Palisade Wall x1 |
| 11:20 | kim.henrik.himanen123 · first_building Barracks |
| 11:35 | kim.henrik.himanen123 · wall_segment Palisade Wall x1 |
| 12:44 | jenicek&marenka · first_building Barracks |
| 13:57 | jenicek&marenka · age_up feudal |
| 14:01 | jenicek&marenka · first_building Stable |
| 14:15 | jenicek&marenka · wall_segment Palisade Wall x1 |
| 15:05 | jenicek&marenka · wall_segment Palisade Wall x1 |
| 15:36 | jenicek&marenka · wall_segment Palisade Wall x9 |
| 15:45 | jenicek&marenka · wall_segment Palisade Wall x1 |
| 16:18 | kim.henrik.himanen123 · wall_segment Palisade Wall x1 |
| 16:20 | kim.henrik.himanen123 · wall_segment Palisade Wall x1 |
| 16:29 | kim.henrik.himanen123 · wall_segment Palisade Wall x1 |
| 16:31 | kim.henrik.himanen123 · wall_segment Palisade Wall x1 |
| 16:35 | kim.henrik.himanen123 · wall_segment Palisade Wall x1 |
| 16:39 | kim.henrik.himanen123 · wall_segment Palisade Wall x1 |
| 16:42 | kim.henrik.himanen123 · wall_segment Palisade Wall x1 |
| 16:44 | kim.henrik.himanen123 · wall_segment Palisade Wall x1 |
| 16:46 | kim.henrik.himanen123 · wall_segment Palisade Wall x1 |
| 16:47 | kim.henrik.himanen123 · wall_segment Palisade Wall x1 |
| 16:50 | kim.henrik.himanen123 · wall_segment Palisade Wall x1 |
| 16:54 | kim.henrik.himanen123 · wall_segment Palisade Wall x1 |
| 18:00 | kim.henrik.himanen123 · age_up feudal |
| 18:08 | jenicek&marenka · wall_segment Palisade Wall x1 |
| 18:33 | kim.henrik.himanen123 · wall_segment Palisade Wall x1 |
| 18:36 | kim.henrik.himanen123 · wall_segment Palisade Wall x1 |
| 18:39 | kim.henrik.himanen123 · wall_segment Palisade Wall x1 |
| 18:41 | kim.henrik.himanen123 · wall_segment Palisade Wall x1 |
| 18:43 | jenicek&marenka · wall_segment Palisade Wall x14 |
| 18:51 | kim.henrik.himanen123 · first_market_buy 100 food |
| 18:55 | kim.henrik.himanen123 · first_market_sell 100 stone |
| 21:47 | kim.henrik.himanen123 · age_up castle |
| 22:04 | kim.henrik.himanen123 · first_building Siege Workshop |
| 22:09 | jenicek&marenka · first_building Archery Range |
| 22:18 | jenicek&marenka · wall_segment Stone Wall x6 |
| 22:20 | jenicek&marenka · wall_segment Stone Wall x2 |
| 24:37 | jenicek&marenka · age_up castle |
| 25:13 | kim.henrik.himanen123 · wall_segment Palisade Wall x1 |
| 25:19 | kim.henrik.himanen123 · wall_segment Palisade Wall x1 |
| 28:52 | jenicek&marenka · wall_segment Stone Wall x1 |
| 29:01 | jenicek&marenka · wall_segment Stone Wall x1 |
| 29:05 | jenicek&marenka · wall_segment Stone Wall x1 |
| 29:15 | jenicek&marenka · wall_segment Stone Wall x1 |
| 29:16 | jenicek&marenka · wall_segment Stone Wall x1 |
| 29:27 | jenicek&marenka · wall_segment Stone Wall x1 |
| 30:13 | jenicek&marenka · first_building Siege Workshop |
| 30:23 | jenicek&marenka · wall_segment Stone Wall x1 |
| 30:24 | jenicek&marenka · wall_segment Stone Wall x1 |
| 31:29 | jenicek&marenka · resign |
[ AI ANALYSIS · 1 CREDIT ]
What really happened in this match?
Wolo.gg analyzes every decision: build order, eco, micro, common mistakes by bracket. Personalized analysis on WhatsApp or Discord in 30 seconds.
Civ guide
Vietnamese
Perfil
Jugador #25475928